 Dungeon Crawl Stone Soup version 0.32-a0-876-gcfddb08e57 (webtiles) character file.

Game seed: 4160515475612529985

840 0gre the Chiller (level 8, -3/58 HPs)
             Began as a Gnoll Ice Elementalist on Apr 1, 2024.
             Slain by a water moccasin zombie (7 damage)
             ... in an ossuary.
             The game lasted 00:23:42 (3405 turns).

0gre the Chiller (Gnoll Ice Elementalist)           Turns: 3405, Time: 00:23:43

Health: -3/58      AC:  3    Str:  7    XL:     8   Next: 0%
Magic:  14/16      EV: 13    Int: 21    God:
Gold:   113        SH:  0    Dex: 15    Spells: 11/18 levels left

rFire   + . .        a - +0 falchion
rCold   + . .        (no shield)
rNeg    . . .        x - +1 robe {rF+}
rPois   .            (no helmet)
rElec   .            (no cloak)
rCorr   .            (no gloves)
SInv    .            (no boots)
Will    .....        (no amulet)
Stlth   +++          r - ring of protection from cold
HPRegen 0.29/turn    v - +6 ring of intelligence
MPRegen 0.15/turn

%: no passive effects
@: no status effects
A: fangs 1, strong nose, distributed training
a: no special abilities


You were in an ossuary.
You visited 1 branch of the dungeon, and saw 4 of its levels.
You also visited: Ossuary.

You collected 152 gold pieces.
You spent 39 gold pieces at shops.

Inventory:

Hand Weapons
 a - a +0 falchion (weapon)
 b - a +0 sling
 c - a +0 spear
 d - a +0 flail
Missiles
 e - 13 poisoned darts
 p - 3 javelins (quivered)
 t - 3 curare-tipped darts
Armour
 x - a +1 robe of fire resistance (worn)
Jewellery
 r - a ring of protection from cold (left hand)
 v - a +6 ring of intelligence (right hand)
Scrolls
 h - 3 scrolls of fog {unknown}
 k - a scroll of torment {unknown}
 m - 4 scrolls of identify {unknown}
 n - 3 scrolls of teleportation
 s - a scroll of vulnerability {unknown}
 u - a scroll of poison {unknown}
 y - 5 scrolls of blinking {unknown}
 z - a scroll of revelation {unknown}
 A - 2 scrolls of noise {unknown}
Potions
 f - a potion of might {unknown}
 g - a potion of ambrosia {unknown}
 i - a potion of lignification {unknown}
 j - a potion of degeneration {unknown}
 l - a potion of heal wounds {unknown}
 o - 2 potions of haste {unknown}
 q - a potion of magic
 w - a potion of berserk rage {unknown}
 B - a potion of curing {unknown}


   Skills:
 + Level 3.0 Fighting
 + Level 3.0 Short Blades
 + Level 3.0 Long Blades
 + Level 3.0 Axes
 + Level 3.0 Maces & Flails
 + Level 3.0 Polearms
 + Level 3.0 Staves
 + Level 3.0 Ranged Weapons
 + Level 3.0 Throwing
 + Level 3.0 Armour
 + Level 5.5 Dodging
 + Level 5.2 Stealth
 + Level 3.0 Shields
 + Level 3.0 Unarmed Combat
 + Level 5.8 Spellcasting
 + Level 2.4 Conjurations
 + Level 2.4 Hexes
 + Level 2.4 Summonings
 + Level 2.4 Necromancy
 + Level 2.4 Translocations
 + Level 2.4 Fire Magic
 + Level 7.5 Ice Magic
 + Level 2.4 Air Magic
 + Level 2.4 Earth Magic
 + Level 2.4 Alchemy
 + Level 3.2 Invocations
 + Level 3.0 Evocations
 + Level 2.6 Shapeshifting


You had 11 spell levels left.
You knew the following spells:

 Your Spells              Type           Power      Damage    Failure   Level
a - Freeze                Ice            100%       1d10      1%          1
b - Frozen Ramparts       Ice            74%        1d12      1%          3
c - Summon Ice Beast      Ice/Summ       27%        N/A       3%          3

Your spell library contained the following spells:

 Spells                   Type           Power      Damage    Failure   Level
 Ozocubu's Armour         Ice            37%        N/A       1%          3
 Magic Dart               Conj           64%        1d6       3%          1
 Necrotise                Necr           64%        1d7       3%          1
 Hailstorm                Conj/Ice       27%        3d8       3%          3
 Searing Ray              Conj           32%        2d5       5%          2
 Inner Flame              Hex/Fire       16%        N/A       11%         3
 Vampiric Draining        Necr           16%        2d7       11%         3
 Flame Wave               Conj/Fire      16%        2d7       36%         4
 Fulminant Prism          Conj/Alch      8%         3d6       36%         4
 Martyr's Knell           Necr/Summ      16%        N/A       36%         4
 Sticky Flame             Fire/Alch      16%        2d5       36%         4
 Curse of Agony           Necr           16%        N/A       71%         5


Dungeon Overview and Level Annotations

Branches:
Dungeon (4/15)            Ossuary (1/1)
 Temple: D:4-7

Altars:
Dithmenos

Shops:
D:1 *   D:3 :


Innate Abilities, Weirdness & Mutations

You have very sharp teeth.
Your uncanny sense of smell can sniff out nearby items.
Your experience applies equally to all skills.


Message History

The water moccasin zombie bites you.
* * * LOW HITPOINT WARNING * * *
Your ice beast hits the water moccasin zombie.
Your ice beast freezes the water moccasin zombie.
The water moccasin zombie completely resists.
Something barely misses your ice beast.
You slash the water moccasin zombie!
You destroy the water moccasin zombie!
Your ice beast barely misses the orc zombie.
The water moccasin zombie bites you.
* * * LOW HITPOINT WARNING * * *
Something hits your ice beast but does no damage.
Your Fighting skill increases to level 3!
Your Short Blades skill increases to level 3!
Your Long Blades skill increases to level 3!
Your Axes skill increases to level 3!
Your Maces & Flails skill increases to level 3!
Your Polearms skill increases to level 3!
Your Staves skill increases to level 3!
Your Ranged Weapons skill increases to level 3!
Your Throwing skill increases to level 3!
Your Armour skill increases to level 3!
Your Shields skill increases to level 3!
Your Unarmed Combat skill increases to level 3!
Your Evocations skill increases to level 3!
You have reached level 8!
You feel clever.
Okay, then.
Your ice beast closely misses the gnoll zombie.
Something barely misses your ice beast.
The water moccasin zombie attacks as it pursues you!
The water moccasin zombie bites you.
* * * LOW HITPOINT WARNING * * *
The orc zombie hits your ice beast.
There is an open door, spattered with blood here.
The water moccasin zombie attacks as it pursues you!
The water moccasin zombie bites you.
* * * LOW HITPOINT WARNING * * *
The water moccasin zombie bites you!
You die...

##############
#...#.Z.'....+
#...#ZZ.#....#
#...ZY..#....#
#Z############
#...# #..Z#
#..@# #...#
###'# #...#
#...# #...#
#...# ##)##
#...#


You could see a water moccasin zombie and a gnoll zombie.

Vanquished Creatures
  2 scorpions (D:4)
  A water moccasin zombie (Ossuary)
  A bombardier beetle (D:3)
  Natasha (D:4)
  An orc wizard (D:4)
  A mummy (D:4)
  4 gnolls (D:3)
  An adder (D:3)
  2 adder zombies (Ossuary)
  A dart slug (D:1)
  A ribbon worm (D:3)
  6 orcs
  6 bats
  6 endoplasms
  7 gnoll zombies (Ossuary)
  6 goblins
  3 hobgoblins
  4 kobolds
  2 quokkas
  8 ball pythons
  A frilled lizard (D:1)
  2 jackal zombies (Ossuary)
  4 rats
71 creatures vanquished.

Vanquished Creatures (collateral kills)
  Sigmund (D:2)
  Blork the orc (D:4)
  2 water moccasin zombies (Ossuary)
  A burial acolyte (Ossuary)
  A bombardier beetle (D:4)
  2 crocodile zombies (Ossuary)
  A gnoll zombie (Ossuary)
9 creatures vanquished.

Grand Total: 80 creatures vanquished

Notes
Turn   | Place    | Note
-------+----------+-------------------------------------------
     0 | D:1      | 0gre the Gnoll Ice Elementalist began the quest for the
                  | Orb.
     0 | D:1      | Reached XP level 1. HP: 13/13 MP: 6/6
   194 | D:1      | Found Ogolom's General Store.
   209 | D:1      | Reached XP level 2. HP: 19/19 MP: 7/7
   860 | D:1      | Bought a scroll of teleportation for 39 gold pieces
   874 | D:2      | Reached skill level 5 in Spellcasting
   874 | D:2      | Reached XP level 3. HP: 20/25 MP: 7/9
   948 | D:2      | Noticed Sigmund
   971 | D:2      | Learned a level 3 spell: Frozen Ramparts
   975 | D:2      | Learned a level 3 spell: Summon Ice Beast
  1127 | D:2      | Reached skill level 1 in Invocations
  1225 | D:2      | Found a shadowy altar of Dithmenos.
  1278 | D:2      | Killed Sigmund
  1279 | D:2      | Reached skill level 1 in Fighting
  1279 | D:2      | Reached skill level 1 in Short Blades
  1279 | D:2      | Reached skill level 1 in Long Blades
  1279 | D:2      | Reached skill level 1 in Axes
  1279 | D:2      | Reached skill level 1 in Maces & Flails
  1279 | D:2      | Reached skill level 1 in Polearms
  1279 | D:2      | Reached skill level 1 in Staves
  1279 | D:2      | Reached skill level 1 in Ranged Weapons
  1279 | D:2      | Reached skill level 1 in Throwing
  1279 | D:2      | Reached skill level 1 in Armour
  1279 | D:2      | Reached skill level 1 in Shields
  1279 | D:2      | Reached skill level 1 in Unarmed Combat
  1279 | D:2      | Reached skill level 1 in Conjurations
  1279 | D:2      | Reached skill level 1 in Hexes
  1279 | D:2      | Reached skill level 1 in Summonings
  1279 | D:2      | Reached skill level 1 in Necromancy
  1279 | D:2      | Reached skill level 1 in Translocations
  1279 | D:2      | Reached skill level 1 in Fire Magic
  1279 | D:2      | Reached skill level 1 in Air Magic
  1279 | D:2      | Reached skill level 1 in Earth Magic
  1279 | D:2      | Reached skill level 1 in Alchemy
  1279 | D:2      | Reached skill level 1 in Evocations
  1279 | D:2      | Reached skill level 1 in Shapeshifting
  1279 | D:2      | Reached XP level 4. HP: 33/33 MP: 3/11
  1279 | D:2      | Reached XP level 5. HP: 38/38 MP: 3/12
  1393 | D:2      | Found a faded altar of an unknown god.
  1498 | D:3      | Found Usicza's Book Emporium.
  1706 | D:3      | Reached XP level 6. HP: 44/44 MP: 9/13
  1806 | D:3      | Reached skill level 5 in Dodging
  2412 | D:4      | Noticed Blork the orc
  2429 | D:4      | Killed Blork the orc
  2565 | D:4      | Noticed a steam dragon
  2638 | D:4      | Reached XP level 7. HP: 37/50 MP: 11/15
  2878 | D:4      | Noticed Natasha
  2883 | D:4      | Killed Natasha
  2925 | D:4      | Found a sand-covered staircase.
  2942 | Ossuary  | Entered an ossuary
  3047 | Ossuary  | Reached skill level 5 in Stealth
  3401 | Ossuary  | Reached XP level 8. HP: 15/58 MP: 13/16
  3405 | Ossuary  | Slain by a water moccasin zombie

Illustrated notes

Levels and vault maps discovered:
D:1:      dpeg_arrival_castle, layout_loops_ring, serial_shops, shop
D:2:      layout_rooms, basic_altar, basic_ecumenical_altar, uniq_sigmund
D:3:      layout_loops_ring, serial_shops, nicolae_shop_crystal,
          grunt_ministairs_12, kennysheep_generic_room_2
D:4:      gammafunk_wand_slinger, layout_layer_cave, gup_ossuary_entry_pyramid,
          uniq_blork_the_orc, uniq_natasha
Ossuary:  ossuary_tomb_2

Skill      XL: |  1  2  3  4  5  6  7 |
---------------+----------------------+-----
Spellcasting   | 5 |  5.8
Invocations    | 1 2 3 |  3.2
Fighting       | 1 2 3 |  3.0
Short Blades   | 1 2 3 |  3.0
Long Blades    | 1 2 3 |  3.0
Axes           | 1 2 3 |  3.0
Maces & Flails | 1 2 3 |  3.0
Polearms       | 1 2 3 |  3.0
Staves         | 1 2 3 |  3.0
Ranged Weapons | 1 2 3 |  3.0
Throwing       | 1 2 3 |  3.0
Armour         | 1 2 3 |  3.0
Shields        | 1 2 3 |  3.0
Unarmed Combat | 1 2 3 |  3.0
Conjurations   | 1 2 |  2.4
Hexes          | 1 2 |  2.4
Summonings     | 1 2 |  2.4
Necromancy     | 1 2 |  2.4
Translocations | 1 2 |  2.4
Fire Magic     | 1 2 |  2.4
Air Magic      | 1 2 |  2.4
Earth Magic    | 1 2 |  2.4
Alchemy        | 1 2 |  2.4
Evocations     | 1 2 3 |  3.0
Shapeshifting  | 1 2 |  2.6
Dodging        | 5 |  5.5
Stealth        | 5 |  5.2
Ice Magic      | |  7.5

Action                     |  1- 3 |  4- 6 |  7- 9 || total
---------------------------+-------+-------+-------++-------
  Melee: Hand axe          |    28 |       |       ||    28
         Dagger            |    10 |       |       ||    10
         Bite              |     7 |     5 |    19 ||    31
         Short sword       |    33 |       |       ||    33
         Rapier            |     8 |    32 |     4 ||    44
         Falchion          |       |       |   131 ||   131
   Fire: Sling             |    29 |    34 |     6 ||    69
  Throw: Javelin           |       |     1 |     1 ||     2
   Cast: Freeze            |     4 |     4 |       ||     8
         Frozen Ramparts   |     1 |     7 |     3 ||    11
         Summon Ice Beast  |     1 |     1 |     3 ||     5
   Stab: Sleeping          |     7 |     1 |       ||     8
         Distracted        |     1 |       |     1 ||     2
 Armour: Robe              |    52 |    27 |    78 ||   157
  Dodge: Dodged            |    47 |    21 |    78 ||   146

Table legend: (Time is in decaauts)
 A = Elapsed time spent in this place.
 B = Non-inter-level travel time spent in this place.
 C = Inter-level travel time spent in this place.
 D = Time resting spent in this place.
 E = Time spent auto-exploring this place.
 F = Levels seen in this place.
 G = Mean time per level.
                   A        B        C        D        E       F      G
               +--------+--------+--------+--------+--------+-----+--------+
         Total |   3456 |   3378 |     78 |    448 |   1847 |   5 |  691.2 |
       Dungeon |   2974 |   2896 |     78 |    151 |   1847 |   4 |  743.5 |
       Ossuary |    482 |    482 |      0 |    297 |      0 |   1 |  482.0 |
               +--------+--------+--------+--------+--------+-----+--------+

Top non-repeatable levels by time:
     D:3: 972 daAuts
     D:1: 879 daAuts
     D:2: 580 daAuts
     D:4: 541 daAuts
 Ossuary: 482 daAuts
